 Dungeon Crawl Stone Soup version 0.25-a0-707-g603da07 (webtiles) character file.

Game seed: 12515239834788989562, levelgen mode: deterministic

361 Faca the Skirmisher (level 6, -11/51 HPs)
             Began as a Human Fighter on Apr 4, 2020.
             Killed by nerve-wracking pain
             ... invoked by an orc priest
              (13 damage)
             ... on level 3 of the Dungeon.
             The game lasted 00:05:04 (2484 turns).

Faca the Skirmisher (Human Fighter)                 Turns: 2484, Time: 00:05:05

Health: -11/51     AC:  9    Str: 18    XL:     6   Next: 98%
Magic:  6/6        EV:  4    Int:  8    God:
Gold:   137        SH: 10    Dex: 13    Spells: 5/5 levels left

rFire    . . .     SeeInvis .   a - +1 long sword
rCold    . . .     Gourm    .   c - +1 kite shield
rNeg     . . .     Faith    .   l - +0 chain mail
rPois    .         Spirit   .   (no helmet)
rElec    .         Reflect  .   (no cloak)
rCorr    .         Harm     .   (no gloves)
MR       .....                  (no boots)
Stlth    ..........             (no amulet)
HPRegen  0.17/turn              (no ring)
MPRegen  0.10/turn              (no ring)

@: no status effects
A: no striking features
a: no special abilities


You were on level 3 of the Dungeon.
You were not hungry.

You visited 1 branch of the dungeon, and saw 3 of its levels.

You collected 137 gold pieces.

Inventory:

Hand Weapons
 a - a +1 long sword (weapon)
 i - a cursed -3 dagger
 m - a +0 rapier
Missiles
 j - 32 poisoned darts (quivered)
Armour
 c - a +1 kite shield (worn)
 l - a +0 chain mail (worn)
Wands
 b - a wand of paralysis (7)
Scrolls
 e - a scroll of blinking {unknown}
 g - a scroll of enchant weapon
 h - a scroll of enchant armour
 o - a scroll of fear {unknown}
Potions
 d - 3 potions of lignification
 k - a potion of haste {unknown}
Comestibles
 f - 3 rations
 n - 7 chunks of flesh


   Skills:
 + Level 5.5 Fighting
 + Level 5.0 Long Blades
 - Level 3.0 Armour
 - Level 3.0 Shields


You had 5 spell levels left.
You didn't know any spells.
Your spell library was empty.

Dungeon Overview and Level Annotations

Branches:
Dungeon (3/15)

Altars:
Wu Jian


Message History

The orc is heavily wounded.
The orc hits you with a +0 flail.
You closely miss the orc.
The orc is heavily wounded.
The orc barely misses you.
You riposte.
Your chain mail prevents you from hitting the orc.
The orc is heavily wounded.
You hit the orc.
The orc is severely wounded.
The orc hits you with a +0 flail.
You slash the orc!
You kill the orc!
The orc priest mumbles some strange prayers to Beogh against you.
Beogh smites you!
* * * LOW HITPOINT WARNING * * *
You slash the orc priest!
The orc priest is severely wounded.
The orc priest calls down the wrath of Beogh upon you.
Pain shoots through your body!
You die...

#.# #.. ##. #. ## #####
# #...# #
################...#####
.....oo@.......'...'..†.
################...####.
#...# #. #...# #. #...#
## #...# #...# #####


You could see 2 orc priests.

Vanquished Creatures
  Sigmund (D:2)
  2 orc priests (D:3)
  A gnoll (D:1)
  4 adders
  3 oozes
  2 dart slugs (D:2)
  4 leopard geckos
  12 orcs (D:3)
  11 bats
  5 goblins
  9 hobgoblins
  4 jackals (D:2)
  6 frilled lizards
  5 kobolds
  A leopard gecko zombie (D:3)
  10 rats
80 creatures vanquished.

Notes
Turn   | Place    | Note
-------+----------+-------------------------------------------
     0 | D:1      | Faca the Human Fighter began the quest for the Orb.
     0 | D:1      | Reached XP level 1. HP: 18/18 MP: 1/1
    32 | D:1      | Reached XP level 2. HP: 19/24 MP: 2/2
   276 | D:1      | Reached XP level 3. HP: 19/29 MP: 3/3
   932 | D:2      | Noticed Sigmund
   981 | D:2      | Killed Sigmund
   981 | D:2      | Reached XP level 4. HP: 8/38 MP: 4/4
   981 | D:2      | Reached XP level 5. HP: 10/43 MP: 5/5
  1422 | D:2      | Reached XP level 6. HP: 50/50 MP: 6/6
  1509 | D:2      | Found an ornate altar of the Wu Jian Council.
  1564 | D:2      | Reached skill level 5 in Fighting
  2412 | D:3      | Reached skill level 5 in Long Blades
  2483 | D:3      | HP: 2/51 [orc priest/divine providence (17)]
  2484 | D:3      | Killed from afar by an orc priest

Levels and vault maps discovered:
D:1:      dpeg_arrival_lava_altar, layout_loops_ring
D:2:      layout_rooms, lemuel_doored_altar, minmay_misc_feat_five, uniq_sigmund
D:3:      layout_basic

Skill      XL: |  1  2  3  4  5  6 |
---------------+-------------------+-----
Fighting       | 4 5 |  5.5
Long Blades    | 4 5 |  5.0
Armour         | |  3.0
Shields        | |  3.0

Action                   |  1- 3 |  4- 6 || total
-------------------------+-------+-------++-------
Melee: Long sword        |    62 |   216 ||   278
  Use: Scroll            |     4 |     3 ||     7
       Potion            |     1 |       ||     1
  Eat: Chunk             |       |     6 ||     6
Armor: Scale mail        |    28 |    56 ||    84
       Chain mail        |       |    79 ||    79
Dodge: Dodged            |    21 |    52 ||    73
Block: Kite shield       |    37 |   131 ||   168
       Rpst.: Long sword |     8 |    21 ||    29

Table legend:
 A = Non-vault XP
 B = Vault XP
 C = Vault XP percentage of total XP
 D = Non-vault monster count
 E = Vault monster count
 F = Vault count percentage of total count
                 A         B        C        D         E       F
            +---------+---------+-------+---------+---------+-------
      Total |     308 |     208 |  40.3 |      79 |       1 |   1.2
            +---------+---------+-------+---------+---------+-------
        D:1 |      49 |       0 |   0.0 |      21 |       0 |   0.0
        D:2 |      75 |     208 |  73.5 |      26 |       1 |   3.7
        D:3 |     184 |       0 |   0.0 |      32 |       0 |   0.0
            +---------+---------+-------+---------+---------+-------
